 Dungeon Crawl Stone Soup version 0.22-a0-322-g60b3cfd (webtiles) character file.

27 kidcy the Slasher (level 2, 0/25 HPs)
             Began as a Draconian Gladiator on Apr 2, 2018.
             Shot with an arrow by a centaur (10 damage)
             ... on level 2 of the Dungeon.
             The game lasted 00:01:11 (779 turns).

kidcy the Slasher (Draconian Gladiator)              Turns: 779, Time: 00:01:12

Health: 0/25       AC:  5    Str: 16    XL:     2   Next: 93%
Magic:  2/2        EV: 13    Int:  8    God:
Gold:   54         SH:  0    Dex: 12    Spells: 1/1 levels left

rFire    . . .     SeeInvis .   a - +0 long sword
rCold    . . .     Gourm    .   (no shield)
rNeg     + . .     Faith    .   (armour unavailable)
rPois    .         Spirit   .   b - +0 hat
rElec    .         Reflect  .   (no cloak)
rCorr    .         Harm     .   g - +0 pair of gloves
MR       .....                  (no boots)
Stlth    +.........             (no amulet)
HPRegen  0.08/turn              k - ring of positive energy
MPRegen  0.08/turn              (no ring)

@: very slightly contaminated
A: unfitting armour, cold-blooded, AC +4
a: no special abilities


You were on level 2 of the Dungeon.
You were not hungry.

You visited 1 branch of the dungeon, and saw 2 of its levels.

You collected 54 gold pieces.

Inventory:

Hand Weapons
 a - a +0 long sword (weapon)
Missiles
 c - 3 throwing nets (quivered)
Armour
 b - a +0 hat (worn)
 g - a +0 pair of gloves (worn)
Jewellery
 k - a ring of positive energy (left hand)
Potions
 h - a potion of agility {unknown}
 i - 2 potions of mutation {unknown}
 j - a potion of heal wounds {unknown}
Comestibles
 d - 5 rations


   Skills:
 + Level 2.6 Fighting
 * Level 3.6 Long Blades
 - Level 1.7 Throwing
 + Level 3.0 Dodging


You had one spell level left.
You didn't know any spells.

Dungeon Overview and Level Annotations

Branches:
Dungeon (2/15)

Altars:


Innate Abilities, Weirdness & Mutations

Your plain brown scales are hard. (AC +4)
You cannot fit into any form of body armour.
You are cold-blooded and may be slowed by cold attacks.


Message History

A worm is nearby!
Found a purple potion.
You see here 9 gold pieces.
You now have 54 gold pieces (gained 9).
You barely miss the worm. The worm closely misses you.
You hit the worm. You tail-slap the worm.
The worm is heavily wounded.
You barely miss the worm.
The worm is heavily wounded.
The worm bites you but does no damage.
You slash the worm!
You kill the worm!
A centaur comes into view.
The centaur wields a shortbow.
The centaur shoots an arrow.
The arrow hits you!
Ouch! That really hurt!
* * * LOW HITPOINT WARNING * * *
Found 18 gold pieces.
You see here an arrow.
The centaur shoots an arrow.
The arrow hits you!
You die...

... ... .. .$# ...
#..##... .#######..#....
...c.....!.....
#.....#...####
#.....@.......
##.............
.......(†.#####
#.........######
................ ...
..######..###### ..
....# #...#### ..
..#..###......# .#
..........###.#######.##


You could see a centaur.

Vanquished Creatures
  A worm (D:2)
  2 leopard geckos
  A giant cockroach (D:1)
  A hobgoblin (D:2)
  4 jackals (D:1)
  4 bats (D:1)
  2 frilled lizards (D:1)
  4 kobolds (D:1)
  2 rats (D:1)
21 creatures vanquished.

Notes
Turn   | Place    | Note
-------+----------+-------------------------------------------
     0 | D:1      | kidcy the Draconian Gladiator began the quest for the Orb.
     0 | D:1      | Reached XP level 1. HP: 17/17 MP: 1/1
   130 | D:1      | Reached XP level 2. HP: 24/25 MP: 2/2
   777 | D:2      | Noticed a centaur
   779 | D:2      | Shot with an arrow by a centaur

Vault maps used:
D:1:      dpeg_arrival_arbitrary_c, grunt_decor_arrowhead
D:2:      gammafunk_temple_overflow_claw, fountainhead

Skill      XL: |  1  2 |
---------------+-------+-----
Dodging        | 3 |  3.0
Fighting       | |  2.6
Long Blades    | |  3.6
Throwing       | |  1.7

Action                   || total
-------------------------++-------
Melee: Long sword        ||    49
       Tailslap          ||     4
  Use: Scroll            ||     4
Armor: Skin              ||    12
Dodge: Dodged            ||    42
       Rpst.: Long sword ||    15

Table legend:
 A = Spawn XP
 B = Non-spawn XP
 C = Spawn XP percentage of total XP
 D = Spawn monster count
 E = Non-spawn monster count
 F = Spawn count percentage of total count
 G = Total turns spent on level
                    A         B        C        D         E        F      G
               +---------+---------+-------+---------+---------+-------+---------
         Total |       0 |      39 |   0.0 |       0 |      21 |   0.0 |   779
               +---------+---------+-------+---------+---------+-------+---------
           D:1 |       0 |      29 |   0.0 |       0 |      18 |   0.0 |   729
           D:2 |       0 |      10 |   0.0 |       0 |       3 |   0.0 |    50
               +---------+---------+-------+---------+---------+-------+---------
